 Dungeon Crawl Stone Soup version 0.31-a0-234-gad7ace16ef (webtiles) character file.

Game seed: 8417417628604125185

601 qw the Shooter (level 7, -2/60 HPs)
             Began as a Minotaur Hexslinger on July 9, 2023.
             Shot with an arrow by a centaur (5 damage)
             ... on level 5 of the Dungeon.
             The game lasted 00:01:19 (4140 turns).

qw the Shooter (Minotaur Hexslinger)                Turns: 4140, Time: 00:01:20

Health: -2/60      AC:  6    Str: 13    XL:     7   Next: 18%
Magic:  7/7        EV: 11    Int: 10    God:
Gold:   235        SH:  0    Dex: 14    Spells: 7/8 levels left

rFire   . . .        Y - +1 sling
rCold   . . .        (no shield)
rNeg    . . .        j - +0 ring mail
rPois   .            (helmet restricted)
rElec   .            (no cloak)
rCorr   .            (no gloves)
SInv    .            g - +0 pair of boots
Will    .....        d - amulet of faith
Stlth   +            (no ring)
HPRegen 0.30/turn    (no ring)
MPRegen 0.10/turn

%: faith
@: no status effects
A: horns 2, retaliatory headbutt
a: no special abilities


You were on level 5 of the Dungeon.
You visited 1 branch of the dungeon, and saw 5 of its levels.

You collected 235 gold pieces.


Innate Abilities, Weirdness & Mutations

You have a pair of horns on your head.
You reflexively headbutt those who attack you in melee.


   Skills:
 - Level 4.3 Fighting
 + Level 7.6 Ranged Weapons
 - Level 1.2 Armour
 - Level 2.1 Dodging
 - Level 1.0 Spellcasting
 - Level 2.0 Hexes


You had 7 spell levels left.
You knew the following spells:

 Your Spells              Type           Power      Damage    Failure   Level
a - Slow                  Hex            16%        N/A       32%         1

Your spell library contained the following spells:

 Spells                   Type           Power      Damage    Failure   Level
 Inner Flame              Hex/Fire       2%         N/A       82%         3
 Portal Projectile        Hex/Tloc       4%         N/A       82%         3
 Cause Fear               Hex            2%         N/A       97%         4

Inventory:

Hand Weapons
 Y - a +1 sling (weapon)
Armour
 g - a +0 pair of boots (worn)
 j - a +0 ring mail (worn)
Jewellery
 b - an amulet of regeneration
 d - an amulet of faith (around neck)
Scrolls
 a - 3 scrolls of identify
 c - a scroll of teleportation

Dungeon Overview and Level Annotations

Branches:
Dungeon (5/15)
 Temple: D:4-7

Altars:
Dithmenos
Gozag
Ru
The Shining One

Shops:
D:2 =   D:4 :=

Annotations:
D:2 1 runed translucent door, Crazy Yiuf


Message History

Enter note:
There is an open door here.
There is an open door here.
Found a stone staircase leading up.
Enter note:
Enter note: A centaur comes into view.
The centaur shouts!
The centaur wields a +1 shortbow of freezing.
It is covered in frost.
The centaur shoots an arrow.
The arrow closely misses you.
Enter note:
Enter note: You shoot a sling bullet.
The sling bullet hits the centaur.
The centaur is moderately wounded.
You shoot a sling bullet.
The sling bullet hits the centaur but does no damage.
The centaur is moderately wounded.
The centaur shoots an arrow.
The arrow barely misses you.
You shoot a sling bullet. The sling bullet hits the centaur.
The centaur is heavily wounded.
The centaur shoots an arrow.
The arrow hits you! The arrow freezes you.
The centaur shoots an arrow.
The arrow hits you! The arrow freezes you.
You shoot a sling bullet. The sling bullet hits the centaur.
The centaur is heavily wounded.
The centaur shoots an arrow.
The arrow misses you.
You shoot a sling bullet. The sling bullet hits the centaur.
The centaur is severely wounded.
The centaur shoots an arrow.
The arrow hits you! The arrow freezes you.
The centaur shoots an arrow.
The arrow barely misses you.
You shoot a sling bullet. The sling bullet hits the centaur.
The centaur is almost dead.
The centaur shoots an arrow.
The arrow hits you. The arrow freezes you.
The centaur shoots an arrow.
The arrow hits you. The arrow freezes you.
You shoot a sling bullet.
The sling bullet hits the centaur but does no damage.
The centaur is almost dead.
The centaur shoots an arrow.
The arrow hits you. The arrow freezes you.
The centaur shoots an arrow.
The arrow hits you! The arrow freezes you.
You die...

#............##
#######...
<.......##.%#.##
##.. ......
##.#..#.# #..
......##.###...# #..
........## ##..##
#.. ...###..##
#...## #.. ##..##
##...# #..
##..######'#### #..
#.@..#.......# ##..
##...#.~~.~~.###...
#c..#.~(~.~.#.....
....#..~8~..#.....
....#.~.~.~.#.....
.....#.~~.~~.#....#
....##.......#....#
##..######+####...##
#........#


You could see a centaur.

Vanquished Creatures
  An ice beast (D:4)
  4 scorpions (D:4)
  A hound (D:4)
  3 iguanas
  A gnoll bouda (D:5)
  3 gnolls (D:5)
  4 adders
  4 dart slugs
  2 orcs (D:4)
  7 bats
  8 endoplasms
  2 giant cockroaches
  5 goblins
  11 hobgoblins
  3 kobolds
  2 quokkas
  7 ball pythons
  4 frilled lizards
  6 rats
78 creatures vanquished.

Notes
Turn   | Place    | Note
-------+----------+-------------------------------------------
     0 | D:1      | qw the Minotaur Hexslinger began the quest for the Orb.
     0 | D:1      | Reached XP level 1. HP: 16/16 MP: 1/1
     0 | D:1      | 0 ||| qw: Version: 0.3-a-51-g015441d
     0 | D:1      | 0 ||| qw: Game counter: 4269
     0 | D:1      | 0 ||| qw: Melee chars always use a shield: true
     0 | D:1      | 0 ||| qw: God list: Okawaru
     0 | D:1      | 0 ||| qw: Allow faded altars: false
     0 | D:1      | 0 ||| qw: Do Orc after clearing Dungeon:15 true
     0 | D:1      | 0 ||| qw: Do second Lair branch before Depths: true
     0 | D:1      | 0 ||| qw: Lair rune preference: random
     0 | D:1      | 0 ||| qw: Goals: Normal
     0 | D:1      | 0 ||| PLANNING D:1-11
    34 | D:1      | 34 ||| FLEEEEING.
    99 | D:1      | Reached skill level 3 in Ranged Weapons
    99 | D:1      | Reached XP level 2. HP: 23/23 MP: 2/2
   725 | D:1      | Reached XP level 3. HP: 19/29 MP: 3/3
   797 | D:1      | 797 ||| UPGRADING to +0 ring mail.
   807 | D:1      | 807 ||| DROPPING +0 robe.
   808 | D:1      | 808 ||| READING scroll labelled JYIMNO TAIKO.
   909 | D:1      | 909 ||| READING scroll labelled ZAATEDW CAYJ.
   910 | D:1      | 910 ||| READING scroll labelled GOZOSUV XEUR.
   911 | D:1      | 911 ||| READING scroll labelled NUAPLUULUO.
   914 | D:1      | 914 ||| READING scroll labelled CISSARIZIGH.
   915 | D:1      | 915 ||| DROPPING scroll of poison.
  1047 | D:2      | Found Muwnal's Jewellery Shop.
  1049 | D:2      | 1049 ||| SHOPLISTING +4 ring of protection (396 gold, have
                  | 66).
  1049 | D:2      | 1049 ||| SHOPLISTING +6 ring of strength (396 gold, have
                  | 66).
  1049 | D:2      | 1049 ||| SHOPLISTING ring of ice (275 gold, have 66).
  1049 | D:2      | 1049 ||| SHOPLISTING ring of poison resistance (220 gold,
                  | have 66).
  1061 | D:2      | 1061 ||| Stepping ~*~*~tactically~*~*~ (outnumbered).
  1065 | D:2      | Reached skill level 4 in Ranged Weapons
  1068 | D:2      | 1068 ||| Stepping ~*~*~tactically~*~*~ (outnumbered).
  1073 | D:2      | Reached skill level 1 in Armour
  1247 | D:2      | Reached XP level 4. HP: 36/36 MP: 4/4
  1273 | D:2      | Found a runed translucent door.
  1274 | D:2      | Noticed Crazy Yiuf
  1359 | D:2      | Identified the +0 ring mail of Autumn {Stlth+}
  1386 | D:2      | Found a sacrificial altar of Ru.
  1777 | D:2      | 1777 ||| UPGRADING to +0 pair of boots.
  1782 | D:2      | 1782 ||| DROPPING +0 ring mail of Autumn {Stlth+}.
  1783 | D:2      | 1783 ||| UPGRADING to amulet of faith.
  1788 | D:2      | 1788 ||| DROPPING amulet of guardian spirit.
  1789 | D:2      | 1789 ||| DRINKING 2 fuming emerald potions.
  1790 | D:2      | 1790 ||| READING 2 scrolls of identify.
  1790 | D:2      | 1790 ||| IDENTIFYING sedimented emerald potion
  1791 | D:2      | 1791 ||| DROPPING potion of lignification.
  1792 | D:2      | 1792 ||| DROPPING potion of attraction.
  2036 | D:3      | Found an opulent altar of Gozag.
  2109 | D:3      | Found a sacrificial altar of Ru.
  2162 | D:3      | Found a shadowy altar of Dithmenos.
  2263 | D:3      | Found a faded altar of an unknown god.
  2555 | D:3      | Found a glowing golden altar of the Shining One.
  2569 | D:3      | 2569 ||| DRINKING 2 sedimented puce potions.
  2570 | D:3      | 2570 ||| READING 3 scrolls of identify.
  2570 | D:3      | 2570 ||| IDENTIFYING puce potion
  2571 | D:3      | 2571 ||| DROPPING potion of degeneration.
  2647 | D:4      | Reached skill level 5 in Ranged Weapons
  2698 | D:4      | Noticed a scorpion
  2711 | D:4      | Killed a scorpion
  2712 | D:4      | Reached skill level 3 in Fighting
  2712 | D:4      | Reached XP level 5. HP: 27/46 MP: 5/5
  2844 | D:4      | Found Idutoj's Jewellery Boutique.
  2929 | D:4      | 2929 ||| SHOPLISTING +6 ring of strength (432 gold, have
                  | 179).
  2929 | D:4      | 2929 ||| SHOPLISTING amulet of Temptation {Reflect Rampage
                  | +Inv Regen+ SH+5 SInv} (578 gold, have 179).
  2929 | D:4      | 2929 ||| SHOPLISTING ring of poison resistance (240 gold,
                  | have 179).
  2929 | D:4      | 2929 ||| SHOPLISTING ring of protection from fire (300
                  | gold, have 179).
  3069 | D:4      | Noticed an ice beast
  3079 | D:4      | Killed an ice beast
  3080 | D:4      | Reached skill level 6 in Ranged Weapons
  3080 | D:4      | Reached XP level 6. HP: 21/52 MP: 6/6
  3337 | D:4      | HP: 9/52 [scorpion (5)]
  3338 | D:4      | 3338 ||| READING scroll of teleportation.
  3339 | D:4      | HP: 4/52 [poisoned by a scorpion]
  3340 | D:4      | 3340 ||| DRINKING potion of curing.
  3340 | D:4      | 3340 ||| (to cure poison)
  3649 | D:4      | Reached skill level 7 in Ranged Weapons
  3649 | D:4      | Reached XP level 7. HP: 55/60 MP: 7/7
  3788 | D:4      | Found Dotweg's Tremendous Tomes.
  3851 | D:5      | Entered Level 5 of the Dungeon
  4140 | D:5      | HP: 3/60 [centaur/arrow (13)]
  4140 | D:5      | Shot with an arrow by a centaur

Levels and vault maps discovered:
D:1:      zaba_arrival_water, layout_basic, kennysheep_doodads, minmay_tripent
D:2:      layout_loops_ring, basic_altar, serial_shops,
          nicolae_shop_gaudy_bauble, minmay_vboxes, uniq_crazy_yiuf_cottage
D:3:      layout_basic, grunt_gozag_breadcrumbs, mainiacjoe_overflow_catwalk,
          tso_oasis_becter, nicolae_dithmenos_the_darkroom,
          dreamdust_ecumenical_altar_statues
D:4:      layout_basic, serial_shops, shop, nicolae_shop_i_like_big_books,
          minmay_misc_feat_tower
D:5:      layout_layer_cave, corexii_checkpoint_a, kennysheep_generic_room_9,
          uniq_grinder

Skill      XL: |  1  2  3  4  5  6 |
---------------+-------------------+-----
Ranged Weapons | 3 4 5 6 7 |  7.6
Fighting       | 2 3 4 |  4.3
Armour         | 1 |  1.2
Dodging        | |  2.1
Spellcasting   | |  1.0
Hexes          | |  2.0

Action                     |  1- 3 |  4- 6 |  7- 9 || total
---------------------------+-------+-------+-------++-------
   Fire: Sling             |   100 |   144 |    51 ||   295
    Use: Scroll            |     5 |     3 |       ||     8
         Potion            |       |     3 |       ||     3
 Armour: Robe              |     9 |       |       ||     9
         Ring mail         |    29 |    32 |     4 ||    65
  Dodge: Dodged            |    44 |    62 |    24 ||   130

Table legend:
 A = Non-vault XP
 B = Vault XP
 C = Vault XP percentage of total XP
 D = Non-vault monster count
 E = Vault monster count
 F = Vault count percentage of total count
                 A         B        C        D         E       F
            +---------+---------+-------+---------+---------+-------
      Total |     824 |      35 |   4.1 |      71 |       7 |   9.0
            +---------+---------+-------+---------+---------+-------
        D:1 |      39 |       4 |   9.3 |      19 |       2 |   9.5
        D:2 |      30 |      31 |  50.8 |      18 |       5 |  21.7
        D:3 |      47 |       0 |   0.0 |       7 |       0 |   0.0
        D:4 |     595 |       0 |   0.0 |      22 |       0 |   0.0
        D:5 |     113 |       0 |   0.0 |       5 |       0 |   0.0
            +---------+---------+-------+---------+---------+-------
